 Dungeon Crawl Stone Soup version 0.26-a0-611-g354ed81502 (webtiles) character file.

Game seed: 16513359902804667862

271 BeastOfSaturn the Stinger (level 6, -2/41 HPs)
             Began as a Demonspawn Venom Mage on Aug 20, 2020.
             Slain by a worker ant (5 damage)
             ... on level 6 of the Dungeon on Sept 6, 2020.
             The game lasted 00:07:13 (3499 turns).

BeastOfSaturn the Stinger (Demonspawn Venom Mage)   Turns: 3499, Time: 00:07:13

Health: -2/41      AC:  4    Str: 11    XL:     6   Next: 2%
Magic:  11/11      EV: 12    Int: 16    God:
Gold:   145        SH:  0    Dex: 13    Spells: 6/12 levels left

rFire    . . .     SeeInvis .   k - +2 whip (vamp)
rCold    . . .     Faith    .   (no shield)
rNeg     . . .     Spirit   .   a - +0 robe
rPois    .         Reflect  .   m - +1 helmet
rElec    .         Harm     .   (no cloak)
rCorr    .                      (no gloves)
MR       .....                  (no boots)
Stlth    ++........             (no amulet)
HPRegen  0.13/turn              (no ring)
MPRegen  0.12/turn              (no ring)

@: no status effects
A: talons 1, spiny 3
a: no special abilities


You were on level 6 of the Dungeon.
You visited 1 branch of the dungeon, and saw 5 of its levels.

You collected 145 gold pieces.

Inventory:

Hand Weapons
 f - a +1 dagger of venom
 k - a +2 vampiric whip (weapon)
 q - a +0 war axe
Armour
 a - a +0 robe (worn)
 m - a +1 helmet (worn)
Wands
 n - a wand of random effects (9)
Scrolls
 g - a scroll of identify
 h - 2 scrolls of teleportation
Potions
 b - 2 potions of haste
 c - a potion of curing {unknown}
 d - 2 potions of mutation {unknown}
 e - a potion of stabbing {unknown}
 l - 2 potions of ambrosia {unknown}
 o - 2 potions of brilliance {unknown}


   Skills:
 - Level 2.0 Dodging
 - Level 1.7 Stealth
 * Level 3.8 Spellcasting
 - Level 1.0 Transmutations
 * Level 1.3 Air Magic
 * Level 5.2 Poison Magic


You had 6 spell levels left.
You knew the following spells:

 Your Spells              Type           Power        Failure   Level
a - Sting                 Tmut/Pois      ##..         4%          1
b - Poisonous Vapours     Pois/Air       ##....       7%          2
c - Mephitic Cloud        Conj/Pois/Air  ##......     22%         3

Your spell library contained the following spells:

 Spells                   Type           Power        Failure   Level
 Olgreb's Toxic Radiance  Pois           ###.....     21%         4
 Ignite Poison            Fire/Tmut/Pois #.......     22%         3


Dungeon Overview and Level Annotations

Branches:
Dungeon (4/15)
 Temple: D:4-7

Altars:
Makhleb
Trog
Vehumet


Innate Abilities, Weirdness & Mutations

You have sharp toenails.
You are completely covered in sharp spines.


Message History

The orc wizard flickers and vanishes!
Deactivating autopickup; reactivate with Ctrl-A.
Found 16 gold pieces.
The adder hisses angrily.
The worker ant is struck by your spines.
The worker ant barely misses you. The worker ant barely misses you.
An orc wizard comes into view. It is wielding a +0 dagger.
The orc priest invokes the aid of Beogh against you.
Beogh smites you! The worker ant closely misses you.
The orc priest calls down the wrath of Beogh upon you.
Beogh smites you!
* * * LOW HITPOINT WARNING * * *
You barely miss the worker ant.
You claw the worker ant, but do no damage.
The worker ant is lightly wounded.
The worker ant is struck by your spines.
The worker ant bites you.
You die...

##############
#.....#.#.....
###############.##o...#.....
...........@a.ooS.o...?.....
##....###.####o.#{......
#.##.# #.......#o...... #.#
......#$###o.##$.. #.#
.(.###....o.o..o. #..
.........###oo.... ###
########.. #...... #...
#o..... #... #......


You could see an orc warrior, a worker ant, an orc priest, an adder and 3 orcs.

Vanquished Creatures
  A centaur (D:3)
  An orc priest (D:3)
  Jessica (D:2)
  An orc wizard (D:3)
  A gnoll (D:1)
  An adder (D:2)
  An ooze (D:1)
  A dart slug (D:1)
  A leopard gecko (D:2)
  6 orcs
  5 giant cockroaches
  10 hobgoblins
  3 jackals (D:1)
  12 kobolds
  2 quokkas
  3 ball pythons
  10 bats
  7 frilled lizards
  8 goblins
  A quokka skeleton (D:3)
  6 rats
82 creatures vanquished.

Notes
Turn   | Place    | Note
-------+----------+-------------------------------------------
     0 | D:1      | BeastOfSaturn the Demonspawn Venom Mage began the quest for
                  | the Orb.
     0 | D:1      | Reached XP level 1. HP: 13/13 MP: 3/3
   313 | D:1      | Reached skill level 1 in Transmutations
   403 | D:1      | Gained mutation: You are partially covered in sharp spines.
                  | [demonic ancestry]
   403 | D:1      | Reached XP level 2. HP: 19/19 MP: 3/5
   530 | D:1      | Learned a level 2 spell: Poisonous Vapours
   854 | D:1      | Gained mutation: You are mostly covered in sharp spines.
                  | [demonic ancestry]
   854 | D:1      | Reached XP level 3. HP: 24/24 MP: 6/6
  1036 | D:1      | Reached skill level 4 in Poison Magic
  1041 | D:1      | Learned a level 3 spell: Mephitic Cloud
  1490 | D:2      | Found a burning altar of Makhleb.
  1576 | D:2      | Noticed Jessica
  1585 | D:2      | Killed Jessica
  1585 | D:2      | Gained mutation: You have sharp toenails. [demonic
                  | ancestry]
  1585 | D:2      | Reached XP level 4. HP: 18/30 MP: 1/8
  2178 | D:3      | Reached XP level 5. HP: 14/35 MP: 5/9
  2940 | D:3      | Found a bloodstained altar of Trog.
  2940 | D:3      | Reached skill level 1 in Air Magic
  2947 | D:3      | Found a radiant altar of Vehumet.
  2988 | D:3      | Noticed a centaur
  2996 | D:3      | Killed a centaur
  2996 | D:3      | Reached skill level 5 in Poison Magic
  3141 | D:3      | Gained mutation: You are completely covered in sharp
                  | spines. [demonic ancestry]
  3141 | D:3      | Reached XP level 6. HP: 41/41 MP: 11/11
  3363 | D:4      | Upgraded the game from 0.26-a0-547-g695e311587 to
                  | 0.26-a0-611-g354ed81502
  3455 | D:4      | You fall into a shaft and drop 2 floors!
  3477 | D:6      | Noticed an orc warrior
  3499 | D:6      | Slain by a worker ant

Illustrated notes

Levels and vault maps discovered:
D:1:      heliophobic_arrival_battle_scene, layout_basic
D:2:      layout_rooms, bloody_makhleb, uniq_jessica
D:3:      layout_basic, amethyst_overflow_temple_binary
D:4:      layout_basic, ebering_ghost_rock_garden, lemuel_tele_altar,
          uniq_crazy_yiuf_cottage
D:6:      layout_basic, nicolae_overflow_hidden_temple,
          cheibrodos_ashenzari_chains, minmay_temple_entry_overgrown,
          kennysheep_donut

Skill      XL: |  1  2  3  4  5 |
---------------+----------------+-----
Transmutations | 1 |  1.0
Dodging        | 2 |  2.0
Poison Magic   | 4 5 |  5.2
Spellcasting   | 3 |  3.8
Air Magic      | 1 |  1.3
Stealth        | |  1.7

Action                   |  1- 3 |  4- 6 || total
-------------------------+-------+-------++-------
Melee: Unarmed           |    20 |       ||    20
       Dagger            |    39 |       ||    39
       Whip              |     2 |    51 ||    53
       Kick              |       |     8 ||     8
 Cast: Sting             |    13 |       ||    13
       Poisonous Vapours |     5 |    16 ||    21
  Use: Scroll            |       |     5 ||     5
 Stab: Sleeping          |     1 |     3 ||     4
Armor: Robe              |    13 |    11 ||    24
Dodge: Dodged            |    53 |    41 ||    94

Table legend: (Time is in decaauts)
 A = Elapsed time spent in this place.
 B = Non-inter-level travel time spent in this place.
 C = Inter-level travel time spent in this place.
 D = Time resting spent in this place.
 E = Time spent auto-exploring this place.
 F = Levels seen in this place.
 G = Mean time per level.
                   A        B        C        D        E       F      G
               +--------+--------+--------+--------+--------+-----+--------+
         Total |   3508 |   3367 |    141 |    234 |   2635 |   5 |  701.6 |
       Dungeon |   3508 |   3367 |    141 |    234 |   2635 |   5 |  701.6 |
               +--------+--------+--------+--------+--------+-----+--------+

Top non-repeatable levels by time:
     D:1: 1489 daAuts
     D:3: 1003 daAuts
     D:2: 862 daAuts
     D:4: 108 daAuts
     D:6: 43 daAuts
